[Event "Nové Hrady - Blesk"]
[Site "Nové Hrady, Czech Republic"]
[Date "2023.08.18"]
[Round "10.2"]
[White "Prinz, Hubert"]
[Black "Zeman, Matyas"]
[Result "0-1"]
[TimeControl "2x3+2s"]
[WhiteFideId "1639447"]
[BlackFideId "364398"]
[WhiteElo "1884"]
[BlackElo "2254"]

1. d4 Nf6 2. Nf3 e6 3. e3 d5 4. Bd3 c5 5. c3 Nc6 6. Nbd2 Bd6 7. O-O O-O 8. e4 cxd4 9. Nxd4 e5 10. Nxc6 bxc6 11. exd5 cxd5 12. f3 Qb6+ 13. Kh1 Bb7 14. Re1 Rfe8 15. Nb3 e4 16. Be3 Qc7 17. fxe4 dxe4 18. Be2 Bxh2 19. Rf1 Rad8 20.
Qe1 Bg3 21. Bf2 Bxf2 22. Qxf2 e3 23. Qf4 Qxf4 24. Rxf4 Ne4 25. Nd4 Rxd4 26. cxd4 Ng3+ 27. Kh2 Nxe2 28. Rff1 Nxd4 29. Rac1 f6 30. Rc4 Ba6 31. Rxd4 Bxf1 32. Rd1 e2 33. Re1 Rd8 34. Kg3 Rd1 35. Kf2 Rxe1 36. Kxe1 Bxg2 37. Kxe2 Bd5 38. a3 Bb3 39.
Kd3 h5 40. Kc3 h4 41. Kxb3 h3 42. Ka4 h2 43. b4 h1=Q 44. Ka5 Qc6 45. b5 Qc5 46. a4 g5 47.
Ka6 Qb6# 0-1

[Event "Nové Hrady - Blesk"]
[Site "Nové Hrady, Czech Republic"]
[Date "2023.08.18"]
[Round "10.3"]
[White "Hak, David"]
[Black "Vybiral, Zdenek"]
[Result "1-0"]
[TimeControl "2x3+2s"]
[WhiteFideId "377007"]
[BlackFideId "305200"]
[WhiteElo "2037"]
[BlackElo "2158"]

1. d4 Nf6 2. c4 e5 3. dxe5 Ng4 4. Nf3 Bc5 5. e3 Nc6 6. a3 a5 7. Nc3 O-O 8. Be2 Ncxe5 9. Nxe5 Nxe5 10. O-O Re8 11. b3 Ra6 12. Ne4 Ba7 13. Ng3 Qh4 14. Nf5 Qf6 15.
Nd4 Rd6 16. Qc2 Nc6 17. Nxc6 dxc6 18. Bb2 Qf5 19. Qc3 f6 20.
Rad1 Red8 21. Rxd6 Rxd6 22. b4 axb4 23. axb4 c5 24. b5 Bb6 25. Ra1 Be6 26. Bf3 c6 27. bxc6 bxc6 28. h3 h5 29. Ra6 Bc7 30. Ra7 Rd7 31. Ra8+ Kf7 32. Qc1 Be5 33. Bxc6 Bxb2 34. Qxb2 Rd1+ 35. Kh2 Qe5+ 36. Qxe5 fxe5 1-0

[Event "Nové Hrady - Blesk"]
[Site "Nové Hrady, Czech Republic"]
[Date "2023.08.18"]
[Round "10.4"]
[White "Steinbauer, Sebastian"]
[Black "Babula, Milan"]
[Result "0-1"]
[TimeControl "2x3+2s"]
[WhiteFideId "399272"]
[BlackFideId "300632"]
[WhiteElo "1660"]
[BlackElo "2176"]

1. e4 Nc6 2. d4 d5 3.
exd5 Qxd5 4. Nf3 Bg4 5. Be3 O-O-O 6. Nc3 Qa5 7. Be2 Nf6 8. h3 Bxf3 9. Bxf3 e5 10.
Bxc6 bxc6 11. Qf3 exd4 12. Qxc6 dxc3 13. O-O cxb2 14. Rad1 Bd6 15. Bf4 Qb6 16. Qc4 Bxf4 17. Qxf4 Rxd1 18. Rxd1 b1=Q 19. Qf5+ Kb8 0-1

[Event "Nové Hrady - Blesk"]
[Site "Nové Hrady, Czech Republic"]
[Date "2023.08.18"]
[Round "10.5"]
[White "Papacek, Stepan"]
[Black "Slabý, Matěj"]
[Result "1-0"]
[TimeControl "2x3+2s"]
[WhiteFideId "301035"]
[BlackFideId "23734876"]
[WhiteElo "2137"]
[BlackElo "1894"]

1. e4 c6 2. c4 d5 3. exd5 cxd5 4.
cxd5 Nf6 5. Nc3 Nxd5 6. Nf3 Nc6 7. Bb5 Bg4 8. Qa4 Nxc3 9. Bxc6+ bxc6 10. Qxc6+ Bd7 11. Qxc3 Rc8 12. Qd4 Qb6 13.
O-O Qxd4 14. Nxd4 e6 15. d3 Bc5 16. Be3 O-O 17.
Rac1 Bb6 18. Rfd1 Rfd8 19. Kf1 Kf8 20. Ke2 Ke7 21. h3 e5 22. Nf3 f6 23. b3 Bb5 24. Rxc8 Rxc8 25. Bxb6 axb6 26. Ke3 Rc2 27. Rd2 Rc3 28. g4 h6 29. Ne1 Ke6 30.
Rc2 Rxc2 31. Nxc2 g5 32. a4 Bc6 33. Na3 Bg2 34. Nc4 b5 35. axb5 Bxh3 36. f3 Kd5 37. b4 Bf1 38. Na5 Kd6 39. b6 f5 40.
gxf5 h5 41. f6 h4 42. f7 Kd5 1-0

[Event "Nové Hrady - Blesk"]
[Site "Nové Hrady, Czech Republic"]
[Date "2023.08.18"]
[Round "10.6"]
[White "Valenz, Miroslav"]
[Black "Hostička, František"]
[Result "1-0"]
[TimeControl "2x3+2s"]
[WhiteFideId "326283"]
[BlackFideId "302295"]
[WhiteElo "1929"]
[BlackElo "2074"]

1. e4 Nf6 2. Nc3 d5 3. exd5 Nxd5 4. Bc4 c6 5. Nge2 g6 6. O-O Bg7 7. d3 O-O 8. Bg5 Be6 9. Bb3 h6 10. Bh4 Na6 11. Kh1 Nc5 12. Bg3 Nxc3 13. Nxc3 Nxb3 14. axb3 a6 15. Rb1 Kh7 16. Ne4 b6 17. f4 f5 18.
Nc3 Qd6 19. Qf3 Bd5 20. Qf2 c5 21. Rfe1 Bc6 22. Bh4 Rae8 23. Re2 Bd4 24. Qf1 b5 25. Rbe1 b4 26. Rxe7+ Kg8 27. Nd1 Qd5 28. c3 Bg7 29. Rxe8 Rxe8 30. Rxe8+ Bxe8 31. c4 Qd4 32. Qe2 Bf7 33. Bf2 Qxf4 34. Bxc5 Qc1 35.
Bxb4 f4 36. h3 Bxb2 37. Kh2 Bg7 38. Nf2 Qb1 39. Qe7 Qxb3 40. Qd8+ Kh7 41. Qe7 Bg8 42. Ne4 Qb2 43. Bc3 Qxc3 44. Nxc3 Bxc3 1-0

[Event "Nové Hrady - Blesk"]
[Site "Nové Hrady, Czech Republic"]
[Date "2023.08.18"]
[Round "10.7"]
[White "Rausch, Rudolf"]
[Black "Blazek, Jiri"]
[Result "0-1"]
[TimeControl "2x3+2s"]
[WhiteFideId "1639455"]
[BlackFideId "330515"]
[WhiteElo "1806"]
[BlackElo "2061"]

1. d4 d5 2. c4 e6 3. Nc3 c6 4. Bf4 Bd6 5. Bxd6 Qxd6 6.
e3 Nd7 7. Nf3 f5 8. c5 Qe7 9. a3 Ngf6 10. Rc1 O-O 11. Bd3 Ne4 12. O-O e5 13. dxe5 Nxe5 14. Nxe5 Qxe5 15. Nxe4 fxe4 16. Be2 Qg5 17. g3 Bh3 18. Re1 Rxf2 19. Kxf2 Rf8+ 20. Kg1 Qxe3+ 21. Kh1 Rf2 22. Bf1 Qh6 23. Rc2 Bg4 24. Rxf2 Bxd1 25. Rxd1 Qe3 26. Rdd2 Qxc5 27. Kg2 Qe7 28. Rf4 h6 29. Rdf2 Qe5 30. Rf5 Qe6 31. Rf8+ Kh7 32. R8f7 c5 33. Bb5 c4 34. b3 e3 35. R2f6 Qe4+ 36. Kh3 e2 37.
Bd7 e1=Q 38. Bf5+ Qxf5+ 39. Rxf5 cxb3 40. Rf1 Qe6+ 41. g4 b2 42. R7f2 Qe3+ 43. Kg2 Qe4+ 44. Kg1 Qd4 45. Kg2 Qe4+ 46. Kg3 Qe3+ 47. Rf3 Qe5+ 48. Kg2 d4 49. Rf5 Qe4+ 50. Kg3 d3 51.
R1f4 Qe3+ 52. Rf3 Qxf3+ 53. Rxf3 b1=Q 54. Rf2 Qc2 55. Kf3 d2 56. Ke3 d1=Q 57. Rxc2 Qxc2 58. h4 Qc3+ 59. Kf4 Qxa3 60. g5 hxg5+ 61.
hxg5 Kg6 62. Kg4 Qb4+ 63. Kg3 a5 64. Kh3 a4 65. Kg2 0-1

[Event "Nové Hrady - Blesk"]
[Site "Nové Hrady, Czech Republic"]
[Date "2023.08.18"]
[Round "10.8"]
[White "Richtrova, Eliska"]
[Black "Sadil, Antonin"]
[Result "1-0"]
[TimeControl "2x3+2s"]
[WhiteFideId "300683"]
[BlackFideId "23735597"]
[WhiteElo "2122"]
[BlackElo "1697"]

1. e4 c6 2. Nc3 d5 3.
Nf3 dxe4 4. Nxe4 Nf6 5. Ng3 Nbd7 6. Bc4 e6 7. O-O Bd6 8.
d4 O-O 9. Re1 b5 10. Bb3 a5 11. a3 Bb7 12. c3 Qc7 13. Bc2 c5 14. Qd3 Nb6 15. Nh5 Nbd5 16. Nxf6+ Nxf6 17. Bg5 c4 18. Qe2 Be7 19. Ne5 Nd5 20. Bd2 g6 21. Qg4 Nf6 22.
Qh3 Bd6 23. Bg5 Bxe5 24. Rxe5 Nh5 25. Bh6 Ng7 26. Rae1 Qc6 27. f3 Rfd8 28. Be4 Qc7 29. Bxg7 Bxe4 30. Qh6 Bd3 31. Bf6 1-0

[Event "Nové Hrady - Blesk"]
[Site "Nové Hrady, Czech Republic"]
[Date "2023.08.18"]
[Round "10.9"]
[White "Hokr, Matyas"]
[Black "Dudkova, Danka"]
[Result "0-1"]
[TimeControl "2x3+2s"]
[WhiteFideId "23734663"]
[BlackFideId "23718439"]
[WhiteElo "1472"]
[BlackElo "1650"]

1. Nf3 d5 2. b3 Nf6 3. Bb2 Nc6 4. e3 Bg4 5. c4 e6 6. h3 Bh5 7. d4 Bb4+ 8. Nc3 Ne4 9. Qc2 Bg6 10. Qc1 Qf6 11. a3 Bxc3+ 12. Bxc3 O-O 13. Be2 Rad8 14. O-O Qe7 15. c5 f5 16. b4 a6 17. a4 b5 18. axb5 axb5 19. Bxb5 Nb8 20. Ne5 Be8 21. Bxe8 Rdxe8 22. f3 Nf6 23. Rf2 Nh5 24. Rfa2 Nd7 25. Nxd7 Qxd7 26. Be1 f4 27. Ra7 e5 28. c6 Qe7 0-1

[Event "Nové Hrady - Blesk"]
[Site "Nové Hrady, Czech Republic"]
[Date "2023.08.18"]
[Round "10.10"]
[White "Dudková, Josefína"]
[Black "Garabik, Marek"]
[Result "0-1"]
[TimeControl "2x3+2s"]
[WhiteFideId "23712350"]
[BlackFideId "23717742"]
[WhiteElo "1437"]
[BlackElo "1578"]

1. d4 d5 2. Bf4 e6 3.
Nf3 Nf6 4. e3 Bd6 5. Ne5 Nbd7 6. Bd3 Ne4 7. Nd2 Nxd2 8.
Qxd2 f6 9. Nxd7 Qxd7 10. Bg3 O-O 11. O-O c6 12. c3 e5 13. Rfe1 e4 14. Be2 f5 15.
c4 g5 16. f4 exf3 17. gxf3 Bxg3 18. hxg3 Qd6 19. Kg2 Be6 20. b3 f4 21. exf4 gxf4 22. g4 Rad8 23. c5 Qd7 24. Rh1 Qf7 25. Bd3 Bxg4 26. Bxh7+ Kg7 27. fxg4 Qe6 28. Kf3 Qe4+ 29. Kf2 Qe3+ 30. Qxe3 fxe3+ 31. Kxe3 Rde8+ 32. Kd2 Rf4 33. Raf1 0-1

[Event "Nové Hrady - Blesk"]
[Site "Nové Hrady, Czech Republic"]
[Date "2023.08.17"]
[Round "11.1"]
[White "Babula, Milan"]
[Black "Pulpan, Jakub"]
[Result "0-1"]
[TimeControl "2x3+2s"]
[WhiteFideId "300632"]
[BlackFideId "302759"]
[WhiteElo "2176"]
[BlackElo "2452"]

1. e4 c5 2. Nc3 a6 3. f4 b5 4. a3 Bb7 5. d3 Nf6 6. Nf3 d5 7. e5 d4 8.
exf6 dxc3 9. bxc3 exf6 10. Be2 Bd6 11. O-O O-O 12. a4 Nd7 13. axb5 axb5 14. Rxa8 Qxa8 15. Bd2 Re8 16. g3 f5 17. Rf2 Nf6 18. h3 c4 19. Bf1 cxd3 20. cxd3 Bc5 21. d4 Bb6 22. Bxb5 Rd8 23. Bd3 Ne4 24.
Rf1 Nxg3 25. Rf2 Ne4 26. Rf1 Nxd2 27. Nxd2 Bg2 28. Rf2 Bxh3 29. Kh2 Bg4 30. Qb3 Rd6 31. Kg3 Rg6 0-1

[Event "Nové Hrady - Blesk"]
[Site "Nové Hrady, Czech Republic"]
[Date "2023.08.17"]
[Round "11.2"]
[White "Zeman, Matyas"]
[Black "Papacek, Stepan"]
[Result "1/2-1/2"]
[TimeControl "2x3+2s"]
[WhiteFideId "364398"]
[BlackFideId "301035"]
[WhiteElo "2254"]
[BlackElo "2137"]

1. e4 e6 2. d4 d5 3. Nc3 Bb4 4. exd5 exd5 5. Bd3 Nf6 6. Nge2 O-O 7. O-O Re8 8. Ng3 Bg4 9. f3 Be6 10. Nce2 Be7 11. Nf4 Bc8 12. c3 Nbd7 13.
Qc2 Nf8 14. Bd2 Bd6 15. Nf5 Bxf5 16. Bxf5 g6 17. Bd3 c6 18.
Rae1 Qc7 19. g3 Rxe1 20. Rxe1 Re8 21. Qd1 Rxe1+ 22. Qxe1 Qe7 23. Qxe7 Bxe7 24. h4 h5 25. Kf2 Bd6 26. a4 N8d7 27.
a5 a6 28. b4 Kf8 29. Be2 Ke7 30. Nd3 Ne8 31. Bg5+ f6 32. Bf4 Ng7 33. Bxd6+ Kxd6 34. Nf4 Nf8 35. Bd3 f5 36. Nh3 Nge6 37. Ke3 Ke7 38. Bc2 Kf6 39. Nf2 Nd7 40.
Nd3 Nc7 41. Bd1 Nb5 42. Kd2 Nd6 43. Bb3 Nc4+ 44. Bxc4 dxc4 45. Nb2 b5 46. axb6 Nxb6 47. Nd1 Nd5 48. Ne3 Nxe3 49. Kxe3 g5 50. f4 gxh4 51. gxh4 Ke6 52. Kf3 Ke5 53.
Ke4+ Ke6+ 1/2-1/2

[Event "Nové Hrady - Blesk"]
[Site "Nové Hrady, Czech Republic"]
[Date "2023.08.17"]
[Round "11.3"]
[White "Blazek, Jiri"]
[Black "Hak, David"]
[Result "0-1"]
[TimeControl "2x3+2s"]
[WhiteFideId "330515"]
[BlackFideId "377007"]
[WhiteElo "2061"]
[BlackElo "2037"]

1. d4 Nf6 2. e3 g6 3. Bd3 Bg7 4. Ne2 O-O 5. O-O d6 6. e4 e5 7. c3 Nc6 8. d5 Ne7 9. f4 Nd7 10. f5 gxf5 11. exf5 Nxd5 12. Ng3 Qh4 13. Qf3 N5f6 14. Ne4 Nxe4 15.
Bxe4 Nc5 16. Bc2 e4 17. Qe2 Re8 18.
Be3 b6 19. g3 Qe7 20. Bd4 Ba6 21. Qg4 f6 22. Re1 Kh8 23. Nd2 Bb7 24.
Nf1 Qf7 25. Ne3 Nd3 26. Rf1 c5 27. Bb3 Qf8 28. Qh5 cxd4 29. Ng4 e3 30. Bf7 e2 31. Bg6 exf1=Q+ 32. Rxf1 Qg8 33. Rd1 Ne5 34. Rxd4 Nxg6 35. fxg6 Re1+ 36. Kf2 Rae8 37. Rd2 Ba6 38. h4 R8e2+ 39. Rxe2 Rxe2+ 40. Kf3 Re7 41. Ne3 Bb7+ 42. Kf2 Rxe3 43. Kxe3 Qe8+ 44. Kf2 Qxg6 0-1

[Event "Nové Hrady - Blesk"]
[Site "Nové Hrady, Czech Republic"]
[Date "2023.08.17"]
[Round "11.4"]
[White "Šimůnek, Jakub Šimon"]
[Black "Valenz, Miroslav"]
[Result "0-1"]
[TimeControl "2x3+2s"]
[WhiteFideId "23709464"]
[BlackFideId "326283"]
[WhiteElo "1921"]
[BlackElo "1929"]

1. e4 c5 2. Nf3 Nc6 3. Bb5 g6 4. O-O Bg7 5. Re1 Nf6 6. Bxc6 dxc6 7. d3 O-O 8. c3 b6 9. d4 cxd4 10. cxd4 Bb7 11. Nc3 Rc8 12. Qe2 c5 13. Rd1 Qc7 14. e5 Nd7 15. Bf4 cxd4 16. Nb5 Qc2 17. Qxc2 Rxc2 18. Nbxd4 Rxb2 19. Ne6 fxe6 20. Rxd7 Bxf3 21. Bc1 Re2 22. gxf3 Bxe5 23. Rb1 Rxf3 24. Bh6 Bg7 25. Be3 Rxa2 26. Rc1 Bf6 27. Bh6 Kf7 28. Rc8 e5 29. Rc6 Rfxf2 30. Rd8 Rg2+ 31. Kh1 Rxh2+ 32. Kg1 Rxh6 33. Rc7 Rh3 34. Rcc8 Rb3 35. Rf8+ Ke6 36. Rc6+ Kf5 37. Rc1 Rbb2 38. Rf1+ Ke4 39. Re1+ Kf3 40. Rd8 Rg2+ 41. Kh1 Rgd2 42. Rc8 h5 43. Rc3+ Kg4 44. Rg1+ Kf5 45. Rf1+ Ke6 46. Rfc1 Kf7 47. Rc8 a5 48. Rb8 Rab2 49. Rbc8 a4 50. Ra8 b5 51. Ra5 Rd3 52. Rf1 a3 53. Ra1 a2 54. R5xa2 Rxa2 55. Rxa2 b4 56. Rb2 b3 57. Kg1 e4 58. Rb1 b2 59.
Kf1 Ra3 60. Ke2 Ra1 61.
Ke3 Rxb1 62. Kxe4 Rc1 63. Ke3 b1=Q 64. Kf3 Qd3+ 65. Kg2 Rc2+ 66. Kf1 Qd1# 67. Ke1 0-1

[Event "Nové Hrady - Blesk"]
[Site "Nové Hrady, Czech Republic"]
[Date "2023.08.17"]
[Round "11.5"]
[White "Vybiral, Zdenek"]
[Black "Richtrova, Eliska"]
[Result "0-1"]
[TimeControl "2x3+2s"]
[WhiteFideId "305200"]
[BlackFideId "300683"]
[WhiteElo "2158"]
[BlackElo "2122"]

1. d4 Nf6 2. c4 e6 3. Nc3 b6 4. e4 Bb4 5. Bd3 Bb7 6. Qe2 c5 7. d5 O-O 8. e5 exd5 9. exf6 d4 10. Qh5 g6 11. Qh4 Re8+ 12. Kf1 dxc3 13. Ne2 d5 14. bxc3 dxc4 15. Bg5 cxd3 16. cxb4 dxe2+ 17. Ke1 h5 18. bxc5 Nc6 19. Be3 Ne5 20. h3 bxc5 21. Kxe2 Ba6+ 22. Ke1 Qd3 23. Qg5 Qe2# 0-1

[Event "Nové Hrady - Blesk"]
[Site "Nové Hrady, Czech Republic"]
[Date "2023.08.17"]
[Round "11.6"]
[White "Hostička, František"]
[Black "Prinz, Hubert"]
[Result "1-0"]
[TimeControl "2x3+2s"]
[WhiteFideId "302295"]
[BlackFideId "1639447"]
[WhiteElo "2074"]
[BlackElo "1884"]

1. e4 d5 2. Nc3 d4 3. Nce2 c5 4. d3 Nc6 5. f4 e5 6. Nf3 exf4 7. Nxf4 Nf6 8. Be2 Bd6 9. O-O O-O 10.
a3 Ne5 11. Nxe5 Bxe5 12. Qe1 b6 13.
Qh4 Nd7 14. Qxd8 Rxd8 15. Nd5 Bb7 16.
Ne7+ Kf8 17. Nf5 Nf6 18. Bg5 Bc8 19. Rf2 h6 20. Nxh6 gxh6 21. Bxf6 Re8 22. Raf1 Bxf6 23. Rxf6 Be6 24. Bh5 Re7 25. Rxh6 Kg7 26. Rhf6 Rh8 27. g4 Rh6 28. Rxh6 Kxh6 29. h4 Kg7 30. b3 b5 31.
g5 c4 32. bxc4 bxc4 33. dxc4 Bxc4 34.
Rf4 d3 35. cxd3 Bxd3 36. Bf3 a6 37. Kf2 a5 38. Ke3 Bb1 39. Rf5 a4 40. Ra5 Bc2 41.
e5 Bb3 42. h5 Rc7 43. Be4 Rc3+ 44. Kf4 Rc4 45. h6+ Kf8 46. Ra8+ Ke7 47. h7 Bc2 48. Ra7+ Ke6 49. h8=Q Rxe4+ 50. Kf3 Rxe5 51. Qf6+ Kd5 52. Rd7+ Kc4 53. Qxe5 f6 54. gxf6 Kb3 55. Qe3+ Kb2 56. Rb7+ Ka1 57. Qc1+ Ka2 58. Qb2# 1-0

[Event "Nové Hrady - Blesk"]
[Site "Nové Hrady, Czech Republic"]
[Date "2023.08.17"]
[Round "11.7"]
[White "Dudkova, Danka"]
[Black "Steinbauer, Sebastian"]
[Result "0-1"]
[TimeControl "2x3+2s"]
[WhiteFideId "23718439"]
[BlackFideId "399272"]
[WhiteElo "1650"]
[BlackElo "1660"]

1. e4 e5 2. Nc3 Nf6 3. Bc4 Bc5 4. d3 d6 5. Nge2 Nc6 6. Bg5 h6 7. Bh4 g5 8. Bg3 Be6 9.
Bxe6 fxe6 10. a3 d5 11. exd5 exd5 12. O-O Qe7 13. b4 Bd4 14. Nxd4 Nxd4 15. Re1 O-O-O 16. Bxe5 Nc6 17. Qf3 Rhf8 18. Bxf6 Qxf6 19. Qxf6 Rxf6 20. h3 Nd4 21. Rac1 Rdf8 22. f3 c6 23. Ne2 Nf5 24.
c4 d4 25. Kf2 b6 26. Rc2 h5 27. g4 hxg4 28. hxg4 Ne3 29. Rd2 Rxf3+ 30. Kg1 Rf2 31. Rb2 Rg2+ 32. Kh1 Rh8# 0-1

[Event "Nové Hrady - Blesk"]
[Site "Nové Hrady, Czech Republic"]
[Date "2023.08.17"]
[Round "11.8"]
[White "Garabik, Marek"]
[Black "Voršilka, Jiří"]
[Result "1-0"]
[TimeControl "2x3+2s"]
[WhiteFideId "23717742"]
[BlackFideId "365149"]
[WhiteElo "1578"]
[BlackElo "1463"]

1. e4 c5 2. Nc3 Nc6 3. Bb5 Nd4 4. f4 a6 5.
Bc4 e6 6. Nf3 b5 7. Be2 Bb7 8. d3 g6 9. Be3 Bg7 10. e5 Nxf3+ 11. Bxf3 Bxf3 12. Qxf3 Rc8 13. Ne4 Bf8 14. O-O d5 15. exd6 Bxd6 16. Qf2 c4 17. dxc4 Rxc4 18. Bd4 f6 19. Rae1 Be7 20. Bb6 Qd5 21.
Nc3 Qc6 22. Qe3 b4 23. Nd1 Rxc2 24. Nf2 Rxb2 25. Qxe6 Qxe6 26. Rxe6 Kf7 27. Rfe1 Rxa2 28. Nd3 b3 29. Bd4 Rd2 30. R6e3 a5 31. Bc3 a4 32. Bxd2 a3 33. Bc3 b2 34. Nxb2 axb2 35. Bxb2 Bc5 36. Kf2 Bxe3+ 37. Rxe3 Nh6 38. Ra3 Rb8 39. Ra7+ Ke6 40. Bd4 f5 41. Rxh7 Ng4+ 42. Kf1 Rb1+ 43. Ke2 Kd5 44. Bc3 Ke4 45. h3 Nf6 46. Bxf6 Kxf4 47. Re7 Rg1 48. Be5+ Kg5 49.
g3 Rg2+ 50. Kf3 Ra2 51. h4+ Kh6 52. Bg7+ Kh5 53. Bc3 Ra3 54. Rh7# 1-0

[Event "Nové Hrady - Blesk"]
[Site "Nové Hrady, Czech Republic"]
[Date "2023.08.17"]
[Round "11.9"]
[White "Slabý, Matěj"]
[Black "Mácová, Markéta"]
[Result "1-0"]
[TimeControl "2x3+2s"]
[WhiteFideId "23734876"]
[BlackFideId "23715588"]
[WhiteElo "1894"]
[BlackElo "1304"]

1. e4 e5 2. Bc4 Nf6 3. d3 Bc5 4.
Nf3 Nc6 5. O-O d6 6. c3 Bg4 7. Bg5 h6 8. Bh4 g5 9. Bg3 Qd7 10. h3 Bxf3 11. Qxf3 Qe7 12. Nd2 h5 13.
Qf5 g4 14. Bh4 Rh6 15. a4 gxh3 16. gxh3 a6 17. b4 Bb6 18. b5 Nd8 19. bxa6 bxa6 20. a5 Bc5 21. Kh1 Ne6 22. Rg1 O-O-O 23. Bxa6+ Kd7 24. Bc4 Rf8 25.
a6 Ba7 26. Rab1 Kd8 27. Rb7 Bb6 28.
a7 Bxa7 29. Rxa7 Kd7 30. Bb5+ Kd8 31.
Ra8# 1-0

[Event "Nové Hrady - Blesk"]
[Site "Nové Hrady, Czech Republic"]
[Date "2023.08.17"]
[Round "11.10"]
[White "Durchan, Milan"]
[Black "Rausch, Rudolf"]
[Result "0-1"]
[TimeControl "2x3+2s"]
[WhiteFideId "333212"]
[BlackFideId "1639455"]
[WhiteElo "1677"]
[BlackElo "1806"]

1. f4 g6 2. Nf3 d6 3. g3 Bg7 4. Bg2 Nf6 5. c3 O-O 6.
d3 c5 7. Qc2 Nbd7 8. e4 Rb8 9. O-O a6 10. h3 b5 11. Kh2 Nb6 12. Be3 d5 13. Bxc5 dxe4 14. dxe4 Qc7 15. Bf2 Bb7 16. e5 Ne4 17. Be3 Nc4 18. Bd4 f5 19. exf6 exf6 20. Nbd2 Nexd2 21. Nxd2 Bxg2 22. Kxg2 Qc6+ 23. Kh2 Nd6 24. Rae1 Nf5 25. Qe4 Qc7 26. Qe6+ Kh8 27. Nf3 Rb7 28. Qe4 Rbb8 29.
Qd3 Rbd8 30. Re4 Nd6 31. Re6 Nc4 32. Rd1 Kg8 33. b3 Qd7 34. Rde1 Qd5 35. bxc4 bxc4 36. Qe3 Rb8 37. Qe2 Rb7 38. Qe4 Qd7 39. Re7 Rb2+ 40. Kh1 Qb5 41. Qe6+ Kh8 42. Bxf6 Bxf6 43.
Re8 Qxe8 44. Ng1 0-1